 Dungeon Crawl Stone Soup version 0.30.0-5-g1a98f26d00 (webtiles) character file.

Game seed: 5702195274190358095

5 jasper the Gusty (level 1, -1/16 HPs)
             Began as a Human Wanderer on May 8, 2023.
             Slain by a jackal (2 damage)
             ... on level 1 of the Dungeon.
             The game lasted 00:00:39 (154 turns).

jasper the Gusty (Human Wanderer)                    Turns: 154, Time: 00:00:40

Health: -1/16      AC:  2    Str:  8    XL:     1   Next: 88%
Magic:  2/2        EV: 10    Int: 15    God:
Gold:   9          SH:  4    Dex: 13    Spells: 1/2 levels left

rFire   . . .        a - +0 spear
rCold   . . .        b - +0 buckler
rNeg    . . .        d - +0 robe
rPois   .            (no helmet)
rElec   .            (no cloak)
rCorr   .            (no gloves)
SInv    .            (no boots)
Will    .....        (no amulet)
Stlth   +            (no ring)
HPRegen 0.22/turn    (no ring)
MPRegen 0.08/turn

%: no passive effects
@: on berserk cooldown, slowed, very slow
A: no striking features
a: no special abilities


You were on level 1 of the Dungeon.
You visited 1 branch of the dungeon, and saw 1 of its levels.

You collected 9 gold pieces.

Inventory:

Hand Weapons
 a - a +0 spear (weapon)
Armour
 b - a +0 buckler (worn)
 d - a +0 robe (worn)
Scrolls
 e - a scroll of poison {unknown}
 f - a scroll of brand weapon {unknown}


   Skills:
 + Level 1.8 Fighting
 - Level 1.0 Polearms
 - Level 3.0 Shields
 - Level 1.0 Spellcasting
 - Level 4.0 Air Magic


You had one spell level left.
You knew the following spells:

 Your Spells              Type           Power      Damage    Failure   Level
a - Shock                 Conj/Air       24%        1d4       16%         1

Your spell library contained the following spells:

 Spells                   Type           Power      Damage    Failure   Level
 Cigotuvi's Dreadful Rot  Necr/Pois/Air  8%         N/A       32%         2
 Vhi's Electric Charge    Tloc/Air       12%        N/A       43%         3


Dungeon Overview and Level Annotations

Branches:
Dungeon (1/15)

Altars:


Message History

You barely miss the jackal.
The jackal is severely wounded.
You block the jackal's attack.
You closely miss the jackal.
The jackal is severely wounded.
The jackal bites you but does no damage.
The jackal barely misses you.
You closely miss the jackal.
The jackal is severely wounded.
The jackal barely misses you.
You barely miss the jackal.
The jackal is severely wounded.
The jackal barely misses you.
You puncture the jackal!
You kill the jackal!
The goblin hits you but does no damage.
You closely miss the goblin. The goblin hits you with a +0 dagger.
* * * LOW HITPOINT WARNING * * *
You barely miss the goblin. You miss the goblin.
The goblin hits you with a +0 dagger.
* * * LOW HITPOINT WARNING * * *
You take 1 damage, and have 1/22 hp.
You hit the goblin.
You kill the goblin!
You are no longer berserk.
You are exhausted.
You feel yourself slow down.
You now have 1/16 hp.
You aren't carrying any potions.
Okay, then.
You aren't carrying any items that you can evoke.
Unknown command.
Casting: Shock (safe; 16% risk of failure)
Confirm with . or Enter, or press ? or * to list all spells.
Okay, then.
Unknown command.
You hit the jackal but do no damage. The jackal barely misses you.
The jackal bites you but does no damage.
You closely miss the jackal. The jackal bites you.
You die...

#.# #.# ####.######
#.........# #.........#
#.........# ## #.........#
..
.#.##########.############
........h@..........).....
.......###################
....... ..(.... #.?....
..h.... #...... #.!....


You could see a jackal.

Vanquished Creatures
  A goblin (D:1)
  2 jackals (D:1)
  A bat (D:1)
  A kobold (D:1)
5 creatures vanquished.

Notes
Turn   | Place    | Note
-------+----------+-------------------------------------------
     0 | D:1      | jasper the Human Wanderer began the quest for the Orb.
     0 | D:1      | jasper set off with the following items: a +0 spear, a +0
                  | buckler, a potion of berserk rage, a +0 robe; and the
                  | following spell memorised: Shock; and the following spells
                  | available to memorise: Cigotuvi's Dreadful Rot, Vhi's
                  | Electric Charge.
     0 | D:1      | Reached XP level 1. HP: 15/15 MP: 2/2
   139 | D:1      | HP: 1/22 [jackal (3)]
   151 | D:1      | HP: 1/22 [goblin/+0 dagger (1)]
   154 | D:1      | Slain by a jackal

Illustrated notes

Levels and vault maps discovered:
D:1:      mrwooster_arrival_statue_2, layout_basic,
          hellmonk_ecumenical_altar_dog_temple

Action                     || total
---------------------------++-------
  Melee: Spear             ||    35
    Use: Potion            ||     1
 Armour: Robe              ||     8
  Dodge: Dodged            ||    14
  Block: Buckler           ||     7
